AoeStats
← Chaves

Arena

509876547Analyzed
4v4 RM · 5d ago on Sep 28, 2026· 87m 18s· 8 players
Game mode
Random Map
Map size
Large (8 player)
Population
200
Speed
Normal
Resources
Standard
Victory
Conquest
Starting age
Dark Age
Ending age
Imperial Age
RankedLock teamsTeams togetherTeam positionsShared explorationLock speedFull tech treeHidden civsTurbo modeCheats
Victory
Defeat
🇨🇳 Portuguese · China
1289
+12
🇹🇷 Malay · Türkiye
1285
+12
🇫🇷 Bohemians · France
1162
+18
🇩🇪 Malians · Germany
1138
+19
🇷🇺 Mapuche · Russia
1234
-17
🇨🇴 Persians · Colombia
1215
-16
🇷🇺 Huns · Russia
1180
-14
🇧🇷 Japanese · Brazil
1177
-14
Kestrel
9:31 Feudal Age
14:14 Castle Age
12:59 Double-Bit Axe
13:33 Stone Mining
17:28 Loom
18:04 Horse Collar
26:59 Imperial Age
25:11 Scale Barding Armor
25:27 Gold Mining
26:42 Wheelbarrow
27:06 Chain Barding Armor
27:38 Forging
28:06 Husbandry
29:36 Gold Shaft Mining
29:37 Stone Shaft Mining
30:00 Stone Shaft Mining
30:09 Conscription
30:22 Hand Cart
30:54 Iron Casting
30:28 Heavy Plow
31:43 Plate Barding Armor
31:37 Elite War Elephant
34:23 Blast Furnace
34:13 Hoardings
33:57 Fletching
38:23 Devotion
39:38 Bodkin Arrow
63:37 Padded Archer Armor
64:48 Chemistry
63:41 Town Watch
64:41 Leather Archer Armor
65:16 Guilds
67:18 Ring Archer Armor
66:58 Scale Mail Armor
80:46 Caravan
Chaves
2:39 Loom
10:51 Feudal Age
11:40 Double-Bit Axe
14:51 Town Watch
17:40 Castle Age
16:03 Scale Mail Armor
16:32 Forging
16:09 Arson
17:09 Horse Collar
20:08 Wheelbarrow
26:23 Gold Mining
29:34 Fletching
29:44 Padded Archer Armor
30:26 Bow Saw
30:45 Bodkin Arrow
33:12 Leather Archer Armor
35:39 Hand Cart
37:09 Gold Shaft Mining
37:03 Elite Skirmisher
41:21 Squires
40:42 Pikeman
44:16 Imperial Age
43:19 Chain Mail Armor
46:50 Iron Casting
47:45 Plate Mail Armor
47:27 Heavy Plow
49:36 Blast Furnace
50:47 Fortified Wall
59:35 Capped Ram
62:00 Scale Barding Armor
61:38 Light Cavalry
62:29 Bloodlines
69:52 Capped Ram
72:38 Two-Man Saw
77:03 Husbandry
Unlucky
10:35 Feudal Age
11:51 Double-Bit Axe
14:26 Castle Age
12:35 Horse Collar
18:50 Bow Saw
20:42 Heavy Plow
22:30 Loom
23:24 Wheelbarrow
25:05 Hand Cart
24:36 Town Watch
24:47 Gold Mining
25:53 Stone Mining
28:20 Gold Shaft Mining
28:22 Fletching
28:33 Padded Archer Armor
32:01 Imperial Age
29:31 Bodkin Arrow
30:05 Ballistics
31:47 Leather Archer Armor
33:14 Conscription
33:51 Ring Archer Armor
34:42 Masonry
34:40 Siege Engineers
34:46 Masonry
36:48 Treadmill Crane
37:39 Architecture
36:54 Pikeman
37:37 Scale Mail Armor
37:48 Forging
37:57 Halberdier
39:13 Chain Mail Armor
38:52 Champi Runner
43:28 Coinage
43:40 Plate Mail Armor
43:45 Iron Casting
47:40 Banking
48:19 Elite Kona
53:37 Butalmapu
53:36 Malon
62:02 Arson
62:35 Murder Holes
63:56 Chemistry
64:37 Arrowslits
CivitasDei
10:20 Feudal Age
15:43 Castle Age
13:59 Double-Bit Axe
15:10 Horse Collar
17:08 Loom
18:05 Bow Saw
21:35 Forging
21:30 Scale Barding Armor
24:03 Wheelbarrow
45:54 Husbandry
47:00 Bloodlines
46:26 Light Cavalry
50:23 Imperial Age
49:00 Chain Barding Armor
49:16 Iron Casting
49:43 Hand Cart
49:13 Town Watch
50:34 Hussar
51:57 Plate Barding Armor
52:23 Blast Furnace
54:27 Cavalier
56:31 Chemistry
57:13 Heavy Plow
59:58 Elite Skirmisher
60:46 Thumb Ring
60:35 Fletching
60:47 Padded Archer Armor
62:39 Bodkin Arrow
63:00 Leather Archer Armor
64:29 Bracer
65:41 Ballistics
70:34 Crossbowman
72:52 Parthian Tactics
71:48 Heavy Cavalry Archer
wouanou
11:18 Feudal Age
15:14 Castle Age
13:55 Double-Bit Axe
13:50 Horse Collar
19:04 Chemistry
18:45 Bow Saw
20:29 Heavy Plow
25:03 Wheelbarrow
26:51 Hand Cart
26:22 Town Watch
28:04 Pikeman
29:25 Padded Archer Armor
30:50 Squires
33:24 Imperial Age
30:56 Scale Mail Armor
31:06 Forging
31:12 Leather Archer Armor
31:19 Ballistics
31:56 Chain Mail Armor
32:46 Iron Casting
33:28 Halberdier
34:39 Plate Mail Armor
36:19 Blast Furnace
36:53 Masonry
36:16 Houfnice
38:28 Two-Man Saw
39:01 Siege Engineers
39:21 Conscription
44:02 Fletching
47:07 Hussite Reforms
47:36 Ring Archer Armor
48:17 Loom
51:06 Fortified Wall
50:52 Murder Holes
51:27 Architecture
51:23 Bodkin Arrow
52:45 Bracer
52:22 Sappers
60:27 Caravan
70:14 Scale Barding Armor
70:52 Guard Tower
70:47 Arrowslits
73:38 Elite Skirmisher
81:21 Chain Barding Armor
Wallenstein
0:26 Loom
9:43 Feudal Age
10:08 Double-Bit Axe
12:01 Horse Collar
18:29 Castle Age
17:24 Scale Mail Armor
16:53 Man-at-Arms
18:17 Arson
18:43 Long Swordsman
19:54 Squires
24:49 Murder Holes
25:54 Fervor
26:47 Ballistics
29:17 Heavy Plow
30:29 Wheelbarrow
32:35 Chain Mail Armor
32:31 Forging
32:11 Fletching
32:45 Pikeman
33:56 Hand Cart
34:21 Iron Casting
34:42 Bow Saw
38:26 Imperial Age
36:03 Treadmill Crane
37:42 Bloodlines
37:38 Husbandry
38:36 Husbandry
39:35 Masonry
41:15 Conscription
42:22 Elite Gbeto
43:56 Bodkin Arrow
44:01 Padded Archer Armor
44:32 Plate Mail Armor
45:10 Chemistry
44:34 Town Watch
45:00 Scale Barding Armor
45:56 Hoardings
47:12 Gold Mining
47:46 Farimba
48:10 Leather Archer Armor
48:16 Chain Barding Armor
50:36 Ring Archer Armor
50:41 Plate Barding Armor
50:42 Crop Rotation
51:17 Tigui
54:06 Architecture
53:47 Fortified Wall
58:38 Two-Handed Swordsman
61:06 Caravan
63:17 Champion
67:38 Tigui
73:42 Town Patrol
77:34 Elite Skirmisher
79:49 Coinage
79:30 Guilds
84:45 Banking
avalperen2012
10:25 Feudal Age
8:42 Loom
10:21 Double-Bit Axe
10:17 Horse Collar
17:49 Castle Age
16:17 Stone Mining
17:37 Bow Saw
17:34 Heavy Plow
20:07 Forging
20:40 Wheelbarrow
24:43 Iron Casting
42:57 Imperial Age
40:43 Hand Cart
42:50 Ballistics
45:57 Gold Mining
46:43 Stone Shaft Mining
51:55 Conscription
51:41 Forced Levy
51:30 Arson
51:46 Squires
51:07 Pikeman
52:14 Halberdier
56:01 Forced Levy
58:04 Conscription
57:24 Man-at-Arms
58:51 Long Swordsman
60:05 Two-Handed Swordsman
60:15 Two-Handed Swordsman
70:20 Crop Rotation
73:49 Light Cavalry
74:30 Husbandry
73:54 Cavalier
78:13 Blast Furnace
77:19 Scale Barding Armor
80:35 Caravan
80:46 Guilds
81:36 Elite Battle Elephant
2067
12:28 Feudal Age
13:16 Double-Bit Axe
13:24 Gold Mining
16:10 Castle Age
20:29 Imperial Age
20:51 Stone Mining
21:01 Loom
28:00 Wheelbarrow
31:02 Bow Saw
32:35 Guilds
32:55 Coinage
32:40 Guilds
33:47 Banking
33:22 Guard Tower
33:58 Fortified Wall
34:50 Chemistry
33:48 Fletching
34:43 Fortified Wall
35:21 Town Watch
36:05 Bombard Tower
35:29 Treadmill Crane
36:46 Ballistics
36:47 Conscription
37:43 Two-Man Saw
37:16 Bodkin Arrow
37:33 Masonry
37:20 Murder Holes
38:49 Bracer
41:06 Arquebus
43:13 Architecture
43:33 Siege Engineers
47:49 Keep
50:51 Town Watch
51:21 Hand Cart
60:49 Town Patrol
71:02 Scale Barding Armor
71:08 Forging
71:32 Husbandry
71:43 Bloodlines
70:53 Light Cavalry
72:36 Chain Barding Armor
72:52 Iron Casting
75:39 Plate Barding Armor
76:05 Blast Furnace
74:45 Cavalier
Connection lost

Rejoining the realm…

Still unreachable

The connection could not be restored.

Session expired

The server has moved on; the page needs a fresh start.